 Dungeon Crawl Stone Soup version bcrawl-1.13.1 (webtiles) character file.

Game seed: 11984357396357697148

26 Revguard the Ducker (level 2, 0/31 HPs)
             Began as a Demonspawn Archaeologist on Aug 5, 2019.
             Succumbed to a worker ant's poison
             ... on level 2 of the Dungeon.
             The game lasted 00:02:12 (992 turns).

Revguard the Ducker (Demonspawn Archaeologist)       Turns: 992, Time: 00:02:12

Health: 0/31       AC: 21    Str:  9    XL:     2   Next: 89%
Magic:  2/2        EV:  2    Int: 15    God:
Gold:   71         SH:  0    Dex: 11    Spells: 1/1 levels left

rFire    . . .     SeeInvis .   a - +0 whip
rCold    . . .     Gourm    .   (no shield)
rNeg     + + +     Faith    .   (armour currently unavailable)
rPois    +         Spirit   .   (helmet currently unavailable)
rElec    .         Reflect  .   (cloak currently unavailable)
rCorr    .         Harm     .   (gloves currently unavailable)
MR       .....     NoTele   +   (boots currently unavailable)
Stlth    ++........             (no amulet)
HPRegen  0.10/turn              (no ring)
MPRegen  0.08/turn              (no ring)

@: lethally poisoned (0 -> -1), tree-form
A: screaming 1, weak 1, MP-powered wands
a: no special abilities


You were on level 2 of the Dungeon.
You were not hungry.
You were a tree.
You visited 1 branch of the dungeon, and saw 2 of its levels.

You collected 71 gold pieces.

Inventory:

Hand Weapons
 a - a +0 whip (weapon)
Missiles
 p - 42 javelins (quivered)
Armour
 b - a +1 robe (melded)
 c - a +1 hat (melded)
 d - a +1 pair of boots (melded)
Scrolls
 j - a scroll of fear {unknown}
 m - a scroll of teleportation {unknown}
 q - a scroll of amnesia {unknown}
Potions
 i - a potion of haste {unknown}
 k - a potion of curing {unknown}
 l - a potion of heal wounds {unknown}
 n - a potion of mutation
 o - a potion of might {unknown}
 r - a potion of agility {unknown}
Miscellaneous
 e - a dusty tome
 f - an ancient crate
Comestibles
 g - 6 rations {!d}


   Skills:
 * Level 1.5 Fighting
 + Level 1.1 Maces & Flails
 * Level 0.9 Armour
 + Level 3.2 Dodging
 - Level 3.0 Stealth


You had one spell level left.
You didn't know any spells.
Your spell library was empty.

Dungeon Overview and Level Annotations

Branches:
Dungeon (2/12)

Altars:
Ashenzari


Innate Abilities, Weirdness & Mutations

((You have a pair of small horns on your head.))
((You can translocate small distances at will.))
You occasionally shout uncontrollably at your foes.
You are weak. (Str -2)
You expend magic power (3 MP) to strengthen your wands.


Message History

The worker ant is severely wounded.
The worker ant bites you but does no damage.
You barely miss the worker ant.
The worker ant is severely wounded.
You feel sick.
The worker ant bites you but does no damage. x2
You hit the worker ant.
The worker ant is severely wounded.
The worker ant bites you but does no damage.
You closely miss the worker ant.
The worker ant is severely wounded.
The worker ant bites you.
* * * LOW HITPOINT WARNING * * *
You closely miss the worker ant.
The worker ant is severely wounded.
The worker ant bites you but does no damage.
It was a potion of mutation.
You feel extremely strange.
You feel jittery.
You feel the urge to shout.
You feel weaker.
You feel your magical essence link to your wands.
You die...

#.# #.# #.######## #.# #.#
#.# ####.########.## #.#
...............#########.#
.###.#####.##............#
.###.# #.##.############
..##.# #.##.#
.#.#.#####.##(#############
................♣a.........
.#.#...........####.######
...........###.# #.#
#.#.##..##.###)# #.#
#...........##.# #.#
#.####.####.##.# #.#
#.##.....## ##.# #.#
#.#.......#....# #..
#.#.......#.# ###


You could see a worker ant.

Vanquished Creatures
  3 leopard geckos (D:1)
  A ball python (D:1)
  2 goblins (D:1)
  3 hobgoblins (D:1)
  5 kobolds (D:1)
  5 bats
  2 rats
21 creatures vanquished.

Notes
Turn   | Place    | Note
-------+----------+-------------------------------------------
     0 | D:1      | Revguard the Demonspawn Archaeologist began the quest for
                  | the Orb.
     0 | D:1      | Reached XP level 1. HP: 15/15 MP: 1/1
   113 | D:1      | Reached skill level 1 in Maces & Flails
   113 | D:1      | Gained mutation: You have a pair of small horns on your
                  | head. [demonic ancestry]
   113 | D:1      | Reached XP level 2. HP: 21/21 MP: 2/2
   881 | D:2      | Found a shattered altar of Ashenzari.
   990 | D:2      | HP: 1/31 [worker ant (5)]
   992 | D:2      | Gained mutation: You can translocate small distances at
                  | will. [potion of mutation]
   992 | D:2      | Gained mutation: You occasionally shout uncontrollably at
                  | your foes. [potion of mutation]
   992 | D:2      | Gained mutation: You are weak. (Str -2) [potion of
                  | mutation]
   992 | D:2      | Gained mutation: You expend magic power (3 MP) to
                  | strengthen your wands. [potion of mutation]
   992 | D:2      | Succumbed to a worker ant's poison

Skill      XL: |  1 |
---------------+----+-----
Dodging        | 3 |  3.2
Maces & Flails | 1 |  1.1
Fighting       | |  1.5
Armour         | |  0.9
Stealth        | |  3.0

Action                   || total
-------------------------++-------
Melee: Whip              ||    68
       Headbutt          ||     3
Throw: Javelin           ||     2
       Throwing net      ||     1
  Use: Potion            ||     2
 Stab: Sleeping          ||     7
Armor: Robe              ||    23
       Skin              ||    12
Dodge: Dodged            ||    35
